 Dungeon Crawl Stone Soup version 0.21-a0-88-g13b9641 (webtiles) character file.

71 MatthieuS the Firebug (level 4, -6/24 HPs)
             Began as a Tengu Fire Elementalist on June 26, 2017.
             Mangled by a gnoll
             ... wielding a +0 flail
              (11 damage)
             ... on level 3 of the Dungeon.
             The game lasted 00:04:55 (1443 turns).

MatthieuS the Firebug (Tengu Fire Elementalist)     Turns: 1443, Time: 00:04:56

Health: -6/24      AC:  3    Str:  9    XL:     4   Next: 24%
Magic:  4/9        EV: 10    Int: 15    God:
Gold:   84         SH:  0    Dex: 15    Spells: 3/9 levels left

rFire    . . .     SeeInvis .   e - +1 short sword (venom)
rCold    . . .     Gourm    .   (no shield)
rNeg     + . .     Faith    .   h - +1 robe {rN+}
rPois    .         Spirit   .   (helmet restricted)
rElec    .         Reflect  .   (no cloak)
rCorr    .         Harm     .   (no gloves)
MR       .....                  (boots unavailable)
Stlth    ++........             (no amulet)
HPRegen  0.08/turn              n - -3 ring of evasion (curse)
MPRegen  0.11/turn              (no ring)

@: no status effects
A: beak, talons 3
a: no special abilities


You were on level 3 of the Dungeon.
You were not hungry.

You visited 1 branch of the dungeon, and saw 3 of its levels.

You collected 84 gold pieces.

Inventory:

Hand Weapons
 e - a +1 short sword of venom (weapon)
Armour
 a - a +0 robe
 h - a +1 robe of positive energy (worn)
Jewellery
 i - an uncursed ring of magical power {unknown}
 n - a cursed -3 ring of evasion (left hand)
Scrolls
 g - a scroll of remove curse {unknown}
Potions
 f - a potion of agility {unknown}
 j - 3 potions of flight
 l - a potion of curing {unknown}
Books
 b - a book of Flames

   Spells                             Type                      Level
   a - Flame Tongue                   Conjuration/Fire             1
   b - Throw Flame                    Conjuration/Fire             2
   c - Conjure Flame                  Conjuration/Fire             3
   d - Inner Flame                    Hexes/Fire                   3
   e - Sticky Flame                   Conjuration/Fire             4
   f - Fireball                       Conjuration/Fire             5
Comestibles
 c - 2 bread rations
 d - 4 chunks of flesh


   Skills:
 + Level 0.2 Short Blades
 - Level 2.1 Dodging
 - Level 2.0 Stealth
 + Level 3.1 Spellcasting
 + Level 2.1 Conjurations
 + Level 4.1 Fire Magic


You had 3 spell levels left.
You knew the following spells:

 Your Spells              Type           Power        Failure   Level  Hunger
a - Flame Tongue          Conj/Fire      ##...        5%          1    #......
b - Throw Flame           Conj/Fire      ##....       9%          2    ##.....
c - Conjure Flame         Conj/Fire      ##......     16%         3    ###....


Dungeon Overview and Level Annotations

Branches:
Dungeon (3/15)

Altars:

Annotations:
D:2 Natasha


Innate Abilities, Weirdness & Mutations

You have a beak for a mouth.
You have claws for feet.


Message History

Confirm with . or Enter, or press ? or * to list all spells.
Aiming: Flame Tongue
Press: ? - help, Shift-Dir - straight line, f - gnoll
Aim: a gnoll, wielding a flail The flame tongue misses the gnoll.
The gnoll hits you from afar with a spear.
The gnoll hits you with a flail! The gnoll misses you.
Casting: Flame Tongue
Confirm with . or Enter, or press ? or * to list all spells.
Aiming: Flame Tongue
Press: ? - help, Shift-Dir - straight line, f/p - gnoll
Aim: a gnoll, wielding a flail The flame tongue hits the gnoll.
The gnoll is moderately wounded.
The gnoll hits you from afar with a spear.
* * * LOW HITPOINT WARNING * * *
A goblin comes into view. It is wielding a club.
The gnoll hits you with a flail!
You die...

...#...####
...###....####
.............# #
.#...........#######+#g#
.........).............#
.#....##....#..........#
#..รท.##....#..........#
#....##....#...........
#....##......gg@.....#
#....##........####+##
#....##........#
#....##.###....# #.#
..#####.# ##...# #.# ##.
#.# #...# #.#
#.####...####.#
#...........#.#
#####.......#.#


You could see 2 gnolls and a goblin (sleeping).

Vanquished Creatures
  A gnoll (D:3)
  2 adders (D:2)
  An ooze (D:1)
  A worm (D:2)
  A dart slug (D:1)
  2 leopard geckos
  3 giant cockroaches
  6 goblins
  4 hobgoblins
  4 kobolds
  A quokka (D:2)
  A ball python (D:2)
  A bat (D:2)
  3 frilled lizards
  4 rats
35 creatures vanquished.

Notes
Turn   | Place    | Note
-------+----------+-------------------------------------------
     0 | D:1      | MatthieuS the Tengu Fire Elementalist began the quest for the Orb.
     0 | D:1      | Reached XP level 1. HP: 10/10 MP: 4/4
   134 | D:1      | Reached XP level 2. HP: 15/15 MP: 0/6
   527 | D:1      | Reached XP level 3. HP: 19/19 MP: 5/7
   587 | D:1      | Learned a level 2 spell: Throw Flame
   591 | D:1      | Learned a level 3 spell: Conjure Flame
   640 | D:2      | Reached skill level 4 in Fire Magic
  1096 | D:2      | Noticed Natasha
  1155 | D:2      | Reached XP level 4. HP: 24/24 MP: 5/9
  1443 | D:3      | Mangled by a gnoll

Vault maps used:
D:1:      scummos_arrival_simple_fountains
D:2:      uniq_natasha
D:3:      minmay_door_square, uniq_robin

Skill      XL: |  1  2  3 |
---------------+----------+-----
Fire Magic     | 4 |  4.1
Conjurations   | 2 |  2.1
Spellcasting   | 3 |  3.1
Short Blades   | |  0.2
Dodging        | |  2.1
Stealth        | |  2.0

Action                   |  1- 3 |  4- 6 || total
-------------------------+-------+-------++-------
Melee: Short sword       |     8 |       ||     8
       Peck              |     1 |       ||     1
 Cast: Flame Tongue      |    55 |    15 ||    70
  Use: Scroll            |     4 |       ||     4
  Eat: Chunk             |     1 |     1 ||     2
Armor: Robe              |     4 |     3 ||     7
Dodge: Dodged            |    21 |     4 ||    25
